[Event "Live Chess"]
[Site "Chess.com"]
[Date "2023.05.21"]
[Round "-"]
[White "tuppyglossop"]
[Black "tpm07"]
[Result "0-1"]
[WhiteElo "1632"]
[BlackElo "1914"]
[TimeControl "300"]
[EndTime "23:03:56 PDT"]
[Termination "tpm07 won by resignation"]

1. e4 e5 2. f4 d5 3. exd5 exf4 4.
d4 Nf6 5. Nf3 Nxd5 6. Bc4 Ne3 7.
Bxe3 fxe3 8. Qe2 Qe7 9. O-O Bg4 10. h3 Bh5 11. Ne5 0-1

[Event "Live Chess"]
[Site "Chess.com"]
[Date "2023.05.21"]
[Round "-"]
[White "matt1979"]
[Black "Nazar_777"]
[Result "1-0"]
[WhiteElo "1523"]
[BlackElo "1609"]
[TimeControl "300"]
[EndTime "23:04:06 PDT"]
[Termination "matt1979 won by checkmate"]

1. f4 e6 2. Nf3 a6 3. e3 h5 4. Be2 c5 5. O-O Nc6 6. b3 Nf6 7. Bb2 Qc7 8. d3 Be7 9. Ne5 Nxe5 10. Bxe5 Bd6 11. Bb2 b5 12. g3 Bb7 13. e4 Be7 14. Nd2 Ng4 15. Bxg4 hxg4 16. Qxg4 Bf6 17. Bxf6 gxf6 18.
Qg7 O-O-O 19. Qxf6 Qc6 20. Qxf7 Rh6 21. Nf3 Rdh8 22.
Qg7 R8h7 23. Qc3 Kb8 24. b4 c4 25. Rae1 d5 26. exd5 exd5 27. Rf2 Ka7 28. Qd4+ Ka8 29. Rfe2 Rh8 30. Ne5 Qe6 31. Nf3 Qh3 32. Qf2 d4 33. Re8+ Rxe8 34. Rxe8+ Bc8 35. Qxd4 Qd7 36. Qxd7 Kb8 37.
Qxc8+ Ka7 38. Re7+ Kb6 39. Qb7# 1-0

[Event "Live Chess"]
[Site "Chess.com"]
[Date "2023.05.21"]
[Round "-"]
[White "LaupMiths"]
[Black "Singapourfeuj"]
[Result "0-1"]
[WhiteElo "1816"]
[BlackElo "2214"]
[TimeControl "300"]
[EndTime "23:04:57 PDT"]
[Termination "Singapourfeuj won by checkmate"]

1. Nf3 Nf6 2. c4 g6 3. b3 Bg7 4. Bb2 O-O 5. g3 c5 6. Bg2 Nc6 7. O-O d6 8. d4 cxd4 9. Nxd4 Bd7 10. Nc2 a6 11. Ne3 Rc8 12. Nc3 Qa5 13. Rb1 Qh5 14. Ncd5 Nxd5 15. Nxd5 Bxb2 16. Rxb2 Bh3 17. e4 Qxd1 18.
Rxd1 Bxg2 19. Kxg2 Rfe8 20. Rbd2 Kg7 21. f3 f6 22. Kf2 Kf7 23. h3 b5 24. Rc1 bxc4 25. Rxc4 Ne5 26. Rxc8 Rxc8 27. f4 Nd7 28. Ne3 a5 29.
Nc4 a4 30. Ke3 axb3 31. axb3 Nc5 32. Rb2 Nxb3 33. Rxb3 Rxc4 34. Kd3 Rc1 35. Kd4 h5 36. h4 Rg1 37. Kd5 Rd1+ 38. Kc4 Ke6 39. Rf3 f5 40.
Re3 fxe4 41. Rxe4+ Kf6 42. Re3 d5+ 43. Kc3 e6 44. Kc2 Ra1 45. Kd3 Ra3+ 46. Ke2 Rxe3+ 47. Kxe3 Kf5 48. Kf3 e5 49. fxe5 Kxe5 50. g4 hxg4+ 51.
Kxg4 d4 52. Kg5 d3 53. Kxg6 d2 54. h5 d1=Q 55. h6 Qg4+ 56. Kf7 Qh5+ 57. Kg7 Qg5+ 58.
Kh7 Kf6 59. Kh8 Qxh6+ 60. Kg8 Qg7# 0-1

[Event "Live Chess"]
[Site "Chess.com"]
[Date "2023.05.21"]
[Round "-"]
[White "LutherSullivan"]
[Black "Crowded_House"]
[Result "1-0"]
[WhiteElo "2191"]
[BlackElo "1696"]
[TimeControl "300"]
[EndTime "23:05:02 PDT"]
[Termination "LutherSullivan won by checkmate"]

1. e4 e6 2. d4 d5 3. e5 c5 4. c3 Nc6 5. Nf3 Qb6 6. Be2 Nge7 7.
Na3 a6 8. O-O Ng6 9. h4 h6 10.
h5 Nge7 11. Nc2 Bd7 12. b4 cxb4 13. cxb4 Nc8 14. Rb1 Be7 15. Bd2 O-O 16. a4 N8a7 17. Bd3 Rfc8 18. g4 Qd8 19. b5 axb5 20. axb5 Nb8 21. Ra1 b6 22. Nb4 Bxb4 23. Bxb4 Qc7 24. Qb3 Qb7 25. Bd6 Be8 26. g5 hxg5 27. Nxg5 Nd7 28.
f4 Nf8 29. Bxf8 Kxf8 30. Qb4+ Kg8 31. Bh7+ Kh8 32. Qf8# 1-0

[Event "Live Chess"]
[Site "Chess.com"]
[Date "2023.05.21"]
[Round "-"]
[White "JohanKjeldahl"]
[Black "ProfPoisson"]
[Result "1-0"]
[WhiteElo "1871"]
[BlackElo "1120"]
[TimeControl "300"]
[EndTime "23:05:07 PDT"]
[Termination "JohanKjeldahl won on time"]

1. e4 e5 2. Nf3 Nf6 3. d4 Nxe4 4.
Bd3 d5 5. Nxe5 Nd7 6. O-O Nxe5 7. dxe5 Nc5 8. Bf4 Nxd3 9. Qxd3 Be6 10. Nc3 Be7 11.
Qb5+ c6 12. Qxb7 O-O 13. Qxc6 d4 14. Ne2 d3 15. cxd3 Qxd3 16. Ng3 Rac8 17. Qb7 Bc5 18.
Rad1 Bxf2+ 19. Kh1 Qc2 20. Rc1 Qd3 21. Rxf2 Rxc1+ 22. Bxc1 Qd1+ 23. Rf1 Qd4 24. Qe4 Qc5 25. b4 Qb6 26. a3 Rd8 27. Bb2 Bd5 28. Qg4 Bxg2+ 29. Kxg2 Rd2+ 30. Kh3 Rxb2 31. Qc8+ 1-0

[Event "Live Chess"]
[Site "Chess.com"]
[Date "2023.05.21"]
[Round "-"]
[White "Jo1ts"]
[Black "Conradical12"]
[Result "0-1"]
[WhiteElo "822"]
[BlackElo "1620"]
[TimeControl "300"]
[EndTime "23:05:23 PDT"]
[Termination "Conradical12 won by checkmate"]

1. d4 d5 2. Bf4 Nc6 3. Nf3 Bf5 4. e3 e6 5. a3 Nf6 6. c3 Bd6 7.
Bg3 O-O 8. Bd3 Bg6 9. Bxg6 fxg6 10. Qd3 Bxg3 11. hxg3 Ne4 12. Nbd2 Nxd2 13. Qxd2 Qf6 14.
Qd3 h6 15. O-O-O g5 16. Nd2 a6 17. f4 g4 18. e4 dxe4 19. Nxe4 Qf5 20. Rh4 b5 21.
Qe3 Na5 22. Nf2 Nb3# 0-1

[Event "Live Chess"]
[Site "Chess.com"]
[Date "2023.05.21"]
[Round "-"]
[White "OleksiyJr1"]
[Black "SavagePawn7"]
[Result "1-0"]
[WhiteElo "965"]
[BlackElo "784"]
[TimeControl "300"]
[EndTime "23:05:34 PDT"]
[Termination "OleksiyJr1 won by resignation"]

1. e4 d5 2. exd5 Nf6 3. Nc3 Nxd5 4. Nxd5 Qxd5 5. c4 Qe6+ 6. Be2 Nc6 7. Nf3 Bd7 8. O-O O-O-O 9. Re1 Qf6 10. d4 Bg4 11.
Bg5 Qg6 12. Bd3 Qh5 13. d5 Nb4 14. Bxe7 Bxe7 15. Rxe7 Nxd3 16. Qxd3 Bxf3 17. Qxf3 Qxf3 18. gxf3 Rhf8 19. b4 Rde8 20. Rae1 Kd8 21. Rxe8+ Rxe8 22. Rxe8+ Kxe8 23. Kf1 Ke7 24. Ke2 c6 25. Kd3 cxd5 26.
cxd5 Kd6 27. Kc4 a6 28. a4 f5 29. b5 axb5+ 30. Kxb5 Kxd5 31. a5 Kd6 32. Kb6 Kd7 33.
Kxb7 1-0

[Event "Live Chess"]
[Site "Chess.com"]
[Date "2023.05.21"]
[Round "-"]
[White "Tushinskiy"]
[Black "Ferrarifan27"]
[Result "1-0"]
[WhiteElo "2200"]
[BlackElo "2066"]
[TimeControl "300"]
[EndTime "23:05:39 PDT"]
[Termination "Tushinskiy won by resignation"]

1. d4 Nf6 2. c3 d5 3. Nf3 Bf5 4.
Bf4 e6 5. Nbd2 h6 6. Bg3 Bd6 7. e3 Bxg3 8. hxg3 Nbd7 9. b4 Qe7 10. a4 e5 11. Qb3 exd4 12. cxd4 O-O 13. Be2 Rfe8 14. O-O Ne4 15. Rfc1 c6 16. b5 Rac8 17. a5 Nxd2 18. Nxd2 Nf6 19. a6 cxb5 20. Qxb5 bxa6 21. Qxa6 Rxc1+ 22. Rxc1 Rb8 23. Nf3 Ne4 24. Bd3 Qb7 25. Qa5 Qb2 26. Rf1 Qb7 27. Ne5 f6 28. Nf3 Qf7 29. Rc1 Rb2 30. Rc7 Qh5 31. Qxd5+ Kh7 32.
Bxe4 Bxe4 33. Qxh5 Rb1+ 34. Kh2 1-0

[Event "Live Chess"]
[Site "Chess.com"]
[Date "2023.05.21"]
[Round "-"]
[White "KeithArkell"]
[Black "Long1968"]
[Result "1-0"]
[WhiteElo "2561"]
[BlackElo "1048"]
[TimeControl "300"]
[EndTime "23:05:52 PDT"]
[Termination "KeithArkell won on time"]

1. d4 e6 2. Nf3 c5 3. c3 d5 4. Bg5 Nf6 5. e3 Be7 6. Nbd2 cxd4 7. exd4 Nc6 8. Bd3 O-O 9. O-O h6 10. Bh4 a6 11. Re1 Ng4 12. Bxe7 Qxe7 13. h3 Nf6 14.
Qe2 Re8 15. a3 Nd7 16. Qe3 b5 17. b4 Bb7 18. Nb3 e5 19. dxe5 Ncxe5 20. Nxe5 Qxe5 21. Qxe5 Nxe5 22. Nc5 Nxd3 23. Nxd3 Rac8 24. Nc5 Bc6 25. f3 Kf8 26. Kf2 Ra8 27. Rxe8+ Kxe8 28. Ke3 a5 29.
Nb3 axb4 30. axb4 Rxa1 31. Nxa1 Ke7 32. Kd4 Kd6 33. Nc2 f5 34. Ke3 g5 35. f4 d4+ 36.
Nxd4 Bxg2 37. Nxf5+ Kd7 38. Nxh6 Bxh3 39. fxg5 1-0

[Event "Live Chess"]
[Site "Chess.com"]
[Date "2023.05.21"]
[Round "-"]
[White "BillythekidFellowes"]
[Black "raminguy"]
[Result "1-0"]
[WhiteElo "2038"]
[BlackElo "1939"]
[TimeControl "300"]
[EndTime "23:06:21 PDT"]
[Termination "BillythekidFellowes won on time"]

1. e4 e5 2. Nf3 Nc6 3. Bc4 Bc5 4.
Nc3 Nf6 5. d3 h6 6. Be3 Bxe3 7.
fxe3 O-O 8. O-O d6 9. d4 Ng4 10. Qe2 exd4 11. exd4 Na5 12. Bb3 Nxb3 13. axb3 a6 14. h3 Nf6 15. e5 dxe5 16. dxe5 Nh7 17. Rad1 Qe7 18. Nd5 Qc5+ 19. Kh1 c6 20. Nf4 Re8 21. c3 a5 22. Rfe1 Bf5 23. Nd4 Bc8 24. Nd3 Qb6 25. Nf3 Nf8 26. Rf1 Qxb3 27. Nd4 Qb6 28. Qh5 Re7 29. Rf3 c5 30. Nc2 c4 31.
Nf4 Qxb2 32. Ne3 a4 33. Nfd5 Rd7 34. Rdf1 Rxd5 35. Qxf7+ Kh7 36. Nxd5 Be6 37. Nf6+ Kh8 38. Qh5 a3 39. Ng4 Bxg4 40. hxg4 Nh7 41. Rf7 1-0

[Event "Live Chess"]
[Site "Chess.com"]
[Date "2023.05.21"]
[Round "-"]
[White "Mugzwang"]
[Black "Doge_Dandolo"]
[Result "1-0"]
[WhiteElo "1641"]
[BlackElo "1895"]
[TimeControl "300"]
[EndTime "23:07:01 PDT"]
[Termination "Mugzwang won on time"]

1. Nf3 Nf6 2. d4 d5 3. g3 Bf5 4.
Bg2 c6 5. O-O e6 6. c4 Be7 7.
Nc3 O-O 8. cxd5 exd5 9. Qb3 Qc8 10. Bf4 Nbd7 11. Rac1 Nb6 12. Ne5 Nh5 13. Bd2 Nf6 14. Bf4 Re8 15. Rfe1 Bf8 16. a4 Ne4 17. Nxe4 Bxe4 18.
Bxe4 dxe4 19. Qxf7+ Kh8 20. Qh5 Kg8 21. Qf7+ Kh8 22.
Qh5 Re7 23. Ng6+ Kg8 24. Nxe7+ Bxe7 25. Qe5 Bf6 26. Qxe4 Qd7 27. e3 Nd5 28. Rc5 Re8 29. Qg2 Nb4 30. Rh5 g6 31. Rh6 Qg7 32. Qh3 Nd5 33.
Be5 Bxe5 34. dxe5 Rxe5 35. Qc8+ Kf7 36. Rh4 Re7 37. Qh3 Kg8 38. Qc8+ Kf7 39. Qh3 h5 40. e4 Nf6 41. Rf4 Kg8 42. Qc8+ Kh7 43. Rd1 Nxe4 44. Re1 Ng5 45. Rxe7 Qxe7 46. Qf8 Qd7 47. Qb4 Nh3+ 48. Kg2 Nxf4+ 49. Qxf4 Kg7 50. Qe3 Qd5+ 51. Kg1 Qb3 52. Kg2 Qd1 53. Qc3+ 1-0

[Event "Live Chess"]
[Site "Chess.com"]
[Date "2023.05.21"]
[Round "-"]
[White "martinsmartin63"]
[Black "Ocelot32"]
[Result "0-1"]
[WhiteElo "761"]
[BlackElo "1366"]
[TimeControl "300"]
[EndTime "23:07:02 PDT"]
[Termination "Ocelot32 won by checkmate"]

1. e4 e6 2. Nf3 d5 3. d4 dxe4 4.
Ne5 Nf6 5. Nc3 Be7 6. f3 exf3 7.
Qxf3 Bd7 8. Bb5 c6 9. Bd3 O-O 10. Nxd7 Nbxd7 11. Kf1 Qb6 12. Qh3 Qxd4 13. Bg5 Rad8 14.
Bxf6 Nxf6 15. Rd1 Qf4+ 16. Kg1 Bc5+ 17. Qe3 Bxe3# 0-1

[Event "Live Chess"]
[Site "Chess.com"]
[Date "2023.05.21"]
[Round "-"]
[White "matt1979"]
[Black "Singapourfeuj"]
[Result "0-1"]
[WhiteElo "1523"]
[BlackElo "2214"]
[TimeControl "300"]
[EndTime "23:07:47 PDT"]
[Termination "Singapourfeuj won by resignation"]

1. f4 e5 2. fxe5 d6 3. exd6 Bxd6 4. Nf3 Nf6 5. d4 Bg4 6. Qd3 Nc6 7. c3 O-O 8. e4 Bxf3 9. gxf3 Nh5 10. Qe2 Qh4+ 11. Kd1 Rad8 12. Be3 Nf4 13. Bxf4 Bxf4 14.
Nd2 Nxd4 15. cxd4 Rxd4 16. h3 Rxd2+ 17. Qxd2 Bxd2 18. Kxd2 Qf2+ 19. Be2 Rd8+ 0-1

[Event "Live Chess"]
[Site "Chess.com"]
[Date "2023.05.21"]
[Round "-"]
[White "OleksiyJr1"]
[Black "Tushinskiy"]
[Result "0-1"]
[WhiteElo "965"]
[BlackElo "2200"]
[TimeControl "300"]
[EndTime "23:07:51 PDT"]
[Termination "Tushinskiy won by resignation"]

1. e4 e5 2. Nf3 d6 3. Bc4 Bg4 4.
Nc3 Nf6 5. d3 Nbd7 6. Bg5 Be7 7.
h3 Bh5 8. O-O c6 9. a3 O-O 10. b4 Qc7 11. Bb3 Rad8 12. Ne2 Bxf3 13. Bxf6 Bxe2 14. Qxe2 Nxf6 15. g4 d5 0-1

[Event "Live Chess"]
[Site "Chess.com"]
[Date "2023.05.21"]
[Round "-"]
[White "mirandaasilva"]
[Black "elephantgerrald"]
[Result "1-0"]
[WhiteElo "1652"]
[BlackElo "369"]
[TimeControl "300"]
[EndTime "23:08:12 PDT"]
[Termination "mirandaasilva won by checkmate"]

1. g3 d5 2. d4 Nc6 3. Bg2 b6 4. f4 Bb7 5. e3 Nf6 6. Ne2 g6 7. Nd2 Bg7 8. c3 O-O 9. O-O e6 10. Kh1 h5 11. Ng1 Ba6 12. Rf2 Ng4 13. Rf3 Bd3 14. h3 Be4 15. hxg4 Bxf3 16. Qxf3 hxg4 17. Qxg4 f5 18. Qe2 g5 19. fxg5 Qxg5 20. Nf1 Qh6+ 21.
Nh3 Kf7 22. e4 fxe4 23. Bxh6 Bxh6 24. Ne3 Bxe3 25. Qxe3 Ke8 26. Rf1 Rxf1+ 27. Bxf1 Kd7 28. Bb5 Rh8 29. Kg2 a5 30. Qg5 Kd6 31. Qf4+ e5 32. Qf6+ Kd7 33. Qxc6+ Ke7 34. Qd7+ Kf6 35. g4 e3 36. g5+ Kg6 37. Qe6+ Kh5 38. Be2+ Kh4 39. Qg4# 1-0

[Event "Live Chess"]
[Site "Chess.com"]
[Date "2023.05.21"]
[Round "-"]
[White "peter-785"]
[Black "nigelst"]
[Result "0-1"]
[WhiteElo "1208"]
[BlackElo "1720"]
[TimeControl "300"]
[EndTime "23:08:25 PDT"]
[Termination "nigelst won by resignation"]

1. e4 c6 2. Nf3 d5 3. exd5 cxd5 4.
d4 Nf6 5. Bd3 Nc6 6. c3 Bg4 7.
O-O e6 8. Be2 Bd6 9. h3 Bh5 10.
Bg5 Rc8 11. Ne5 Bxe2 12. Qxe2 Be7 13. Nd2 O-O 14. Ndf3 Ne4 15. Bxe7 Qxe7 16. Ng4 a6 17. Nd2 Nxd2 18. Qxd2 h5 19. Ne3 b5 20. Qe2 g6 21.
f4 Na5 22. g4 hxg4 23. Qxg4 Nc4 24. Nxc4 bxc4 25. h4 Kg7 26. Rf2 Rh8 27. Rh2 Rh5 28. Kf2 Rch8 29. Rah1 Qb7 30. Kf3 Qe7 31. Qg2 Rxh4 32.
Rxh4 Rxh4 33. Rxh4 Qxh4 34. Qg5 Qxg5 35. fxg5 f6 36.
Kf4 fxg5+ 37. Kxg5 Kf7 38. b3 a5 39. bxc4 dxc4 40.
a3 a4 41. Kf4 Kf6 42. Kg4 g5 43. Kf3 Kf5 44. Kg3 g4 45. Kg2 Kf4 46. Kf2 g3+ 47. Kg2 Kg4 48. Kg1 Kf3 49. Kf1 Ke3 50. Kg2 Kd3 51.
Kxg3 Kxc3 52. Kf2 Kxd4 53. Ke2 Kc3 54. Kd1 Kb2 0-1

[Event "Live Chess"]
[Site "Chess.com"]
[Date "2023.05.21"]
[Round "-"]
[White "seabuck"]
[Black "Nazar_777"]
[Result "1-0"]
[WhiteElo "1894"]
[BlackElo "1606"]
[TimeControl "300"]
[EndTime "23:08:53 PDT"]
[Termination "seabuck won by checkmate"]

1. d4 e6 2. c4 a6 3. Nc3 h5 4. e4 c5 5. Nf3 cxd4 6. Nxd4 Nc6 7. Be2 Nf6 8. Bg5 Be7 9. Nxc6 bxc6 10.
O-O Qc7 11. f4 Ng4 12. Bxe7 Kxe7 13. Bxg4 hxg4 14. Qxg4 g6 15. e5 Qb6+ 16. Rf2 c5 17. Qg5+ Ke8 18. Ne4 Qc6 19. Nd6+ Kf8 20. Qd8+ Kg7 21.
Qf6+ Kh7 22. Qxf7+ Kh6 23. Rf3 Qxf3 24. gxf3 Rh7 25. Qf6 a5 26. Nf7+ Kh5 27. Qg5# 1-0

[Event "Live Chess"]
[Site "Chess.com"]
[Date "2023.05.21"]
[Round "-"]
[White "Ocelot32"]
[Black "Doge_Dandolo"]
[Result "0-1"]
[WhiteElo "1365"]
[BlackElo "1896"]
[TimeControl "300"]
[EndTime "23:09:57 PDT"]
[Termination "Doge_Dandolo won by resignation"]

1. e4 c6 2. Nf3 d5 3. Nc3 Bg4 4. h3 Bxf3 5. Qxf3 e6 6. exd5 cxd5 7. d4 Nc6 8. a3 Bd6 9. Bd3 Qc7 10. Ne2 h6 11. c3 Nf6 12. Bf4 O-O 13. Bxd6 Qxd6 14. O-O Rab8 15. Bc2 b5 16. Qf4 Qxf4 17. Nxf4 Rfc8 18.
Nd3 Nxd4 19. Nb4 Nxc2 20. Nxc2 a5 21. Nd4 b4 22. axb4 axb4 23. cxb4 Rxb4 24. Rab1 Rxd4 25. b4 Rb8 26. b5 Rc4 27. b6 Rc6 28. b7 Rc7 0-1

[Event "Live Chess"]
[Site "Chess.com"]
[Date "2023.05.21"]
[Round "-"]
[White "jbooth"]
[Black "Shepherds_Pie"]
[Result "0-1"]
[WhiteElo "1711"]
[BlackElo "1908"]
[TimeControl "300"]
[EndTime "23:10:24 PDT"]
[Termination "Shepherds_Pie won by resignation"]

1. e4 e6 2. d4 d5 3. Nc3 Bb4 4. e5 c5 5. Bd2 Nc6 6. Nb5 Bxd2+ 7. Qxd2 Nxd4 8. Nd6+ Kf8 9. f4 Nh6 10. c3 Nc6 11. Nf3 f6 12. O-O-O Nf7 13. Nxc8 Rxc8 14. Kb1 Qe7 15. exf6 Qxf6 16. Bd3 Nd6 17.
g4 d4 18. Ng5 g6 19. Rde1 Nd8 20. h4 c4 21. Be4 d3 22. Nxe6+ Nxe6 23. Bd5 Nc5 24.
h5 Re8 25. hxg6 Rxe1+ 26. Qxe1 Kg7 27. Rxh7+ Rxh7 28. gxh7 Kxh7 29. Qh1+ Kg7 30. Qf3 d2 31. Kc2 Qg6+ 32. Kxd2 Qb1 33. Ke3 Qd3+ 34. Kf2 Nde4+ 35.
Kg2 Qd2+ 36. Kh3 Nf2+ 37. Kg3 Ncd3 38. Bxc4 Ne4+ 39. Qxe4 Qf2+ 40. Kh3 Nxf4+ 41. Qxf4 Qxf4 42. Be6 Qe3+ 0-1

[Event "Live Chess"]
[Site "Chess.com"]
[Date "2023.05.21"]
[Round "-"]
[White "Tushinskiy"]
[Black "matt1979"]
[Result "1-0"]
[WhiteElo "2200"]
[BlackElo "1523"]
[TimeControl "300"]
[EndTime "23:10:26 PDT"]
[Termination "Tushinskiy won by resignation"]

1. d4 e6 2. c3 f5 3. Nf3 Nf6 4. Bf4 d6 5. Bg3 Be7 6. Nbd2 O-O 7. Qc1 Nbd7 8. e3 Ne4 9. Nxe4 fxe4 10. Nd2 d5 11.
Be2 c6 12. f3 Nf6 13. fxe4 dxe4 14. O-O Bd6 15. Bxd6 Qxd6 16. Nc4 Qc7 17. Ne5 Nd7 18.
Rxf8+ Kxf8 19. Qf1+ Kg8 20. Qf7+ Kh8 21. Qe8+ 1-0

[Event "Live Chess"]
[Site "Chess.com"]
[Date "2023.05.21"]
[Round "-"]
[White "mirandaasilva"]
[Black "peter-785"]
[Result "0-1"]
[WhiteElo "1637"]
[BlackElo "1223"]
[TimeControl "300"]
[EndTime "23:10:37 PDT"]
[Termination "peter-785 won by resignation"]

1. g3 c5 2. Bg2 Nc6 3. Nf3 Qc7 4. d4 cxd4 5. Nxd4 Nxd4 6. Qxd4 Nf6 7. Nc3 e6 8. Bf4 Qb6 9. O-O Qxd4 10. Rad1 Qb6 11. Rd3 0-1

[Event "Live Chess"]
[Site "Chess.com"]
[Date "2023.05.21"]
[Round "-"]
[White "Rusty_Bridges"]
[Black "profpirate4"]
[Result "1-0"]
[WhiteElo "1521"]
[BlackElo "1220"]
[TimeControl "300"]
[EndTime "23:10:38 PDT"]
[Termination "Rusty_Bridges won on time"]

1. e4 c5 2. Be2 d6 3. f4 g6 4. Nf3 Bg7 5. O-O Nc6 6. Nc3 e6 7. d3 a6 8. Be3 b5 9. a3 Bb7 10. Qe1 Nge7 11. Rd1 O-O 12. h4 Nd4 13. Bxd4 cxd4 14. Nb1 e5 15. fxe5 dxe5 16. Ng5 h6 17.
Nf3 Bc8 18. Nh2 Be6 19. Bg4 Qd7 20. Bxe6 Qxe6 21. Nd2 Rac8 22. Rc1 Nc6 23. Qe2 a5 24.
h5 b4 25. hxg6 fxg6 26. axb4 Nxb4 27. Nc4 a4 28. Ra1 Qd7 29. Ng4 Rfe8 30. Qd2 Nc6 31.
Nxh6+ Kh7 32. Nf7 Re7 33. Ng5+ Kg8 34. Rxa4 Bh6 35. Rf3 Rf7 36. Rg3 Rcf8 37. Ra6 Rf1+ 38. Kh2 R1f2 39. Qe1 Bxg5 40. Rxg5 Qh7+ 41. Kg3 Qh6 42.
Rg4 Rf1 43. Qe2 1-0

[Event "Live Chess"]
[Site "Chess.com"]
[Date "2023.05.21"]
[Round "-"]
[White "MarkLim1"]
[Black "SavagePawn7"]
[Result "1-0"]
[WhiteElo "1663"]
[BlackElo "784"]
[TimeControl "300"]
[EndTime "23:11:00 PDT"]
[Termination "MarkLim1 won by resignation"]

1. d4 e5 2. dxe5 d6 3. exd6 Bxd6 4. Nc3 Nc6 5. Nf3 Bg4 6. h3 Bxf3 7. exf3 Qe7+ 8. Qe2 Qxe2+ 9. Bxe2 O-O-O 10. O-O Re8 11. Bb5 a6 12. Bxc6 bxc6 13. Be3 Nf6 14. Rfd1 Rd8 15. Rd3 Rhe8 16. Rad1 Bb4 17. Rxd8+ Rxd8 18. Rxd8+ Kxd8 19. Ne4 Nxe4 20. fxe4 Bd6 21. f4 f6 22. Kf2 g5 23. g3 gxf4 24. gxf4 Ke7 25. Kf3 Ke6 26. Kg4 Kf7 27. Kf5 c5 28. Bf2 c4 29.
Bh4 Be7 30. e5 fxe5 31. Bxe7 exf4 32. Bh4 f3 33. Kg4 Kg6 34. Kxf3 h5 35. Kf4 c6 36. Ke5 a5 37. Kd4 Kf5 38. Kxc4 Kf4 39. Kc5 1-0

[Event "Live Chess"]
[Site "Chess.com"]
[Date "2023.05.21"]
[Round "-"]
[White "raminguy"]
[Black "Long1968"]
[Result "1-0"]
[WhiteElo "1939"]
[BlackElo "1048"]
[TimeControl "300"]
[EndTime "23:11:25 PDT"]
[Termination "raminguy won by checkmate"]

1. d4 e6 2. Nc3 c5 3. d5 Nf6 4. e4 a6 5. dxe6 fxe6 6. Nf3 b5 7.
e5 Ng8 8. Ne4 Bb7 9. Bg5 Qc7 10.
Nd6+ Bxd6 11. exd6 Qc6 12. Bd3 Nf6 13. O-O O-O 14.
Re1 Nd5 15. Be7 Re8 16. Ne5 Qb6 17. Bxh7+ Kxh7 18. Qh5+ Kg8 19. Qxe8+ Kh7 20. Re4 Nxe7 21. Rh4# 1-0

[Event "Live Chess"]
[Site "Chess.com"]
[Date "2023.05.21"]
[Round "-"]
[White "Biranidun"]
[Black "chessfiction"]
[Result "1-0"]
[WhiteElo "2558"]
[BlackElo "2345"]
[TimeControl "300"]
[EndTime "23:11:33 PDT"]
[Termination "Biranidun won by resignation"]

1. e4 d6 2. d4 Nf6 3. Nc3 c6 4.
f4 Qa5 5. Bd3 Bg4 6. Nf3 Nbd7 7.
Be3 e5 8. h3 Bh5 9. O-O Be7 10.
Ne2 Bxf3 11. Rxf3 O-O 12. c3 Kh8 13. Ng3 Rg8 14. Qb3 Qb6 15. Nf5 Rae8 16. dxe5 Qxb3 17. axb3 dxe5 18. Nxe7 Rxe7 19. Rxa7 exf4 20. Rxf4 Nd5 21. exd5 Rxe3 22. dxc6 Rxd3 23. cxd7 Rxd7 24. Rb4 Rb8 25.
Rb6 h6 26. b4 Rc7 27. Kf2 g6 28. g4 Kg7 29. Ke3 Re8+ 30. Kd3 Rd7+ 31. Kc4 Re4+ 32. Kb3 Ree7 33. Rb5 Rc7 34. h4 Red7 35. g5 hxg5 36. hxg5 Re7 37. Rb6 Red7 38. Ra5 Re7 39.
Rd5 Re2 40. Rdb5 Ree7 41. Ka3 Red7 42. Rc5 Kf8 43. Rxc7 Rxc7 44. b5 Ke7 45. Kb4 Kd7 46. c4 Kc8 47. Rf6 Re7 48. b6 Kd7 49. c5 Ke8 50. Kb5 Re5 51. b4 Rxg5 52. Rf1 Re5 53. Rh1 g5 54. Rh8+ Ke7 55. Rb8 g4 56. Rxb7+ Kf6 57.
Rd7 Ke6 58. Rd6+ Ke7 59. b7 1-0

[Event "Live Chess"]
[Site "Chess.com"]
[Date "2023.05.21"]
[Round "-"]
[White "Supertromp"]
[Black "YrrriKharkiv"]
[Result "0-1"]
[WhiteElo "2143"]
[BlackElo "2033"]
[TimeControl "300"]
[EndTime "23:11:52 PDT"]
[Termination "YrrriKharkiv won by resignation"]

1. e4 Nf6 2. e5 Nd5 3. d4 d6 4. Nf3 g6 5. c4 Nb6 6. Nc3 Bg7 7. exd6 cxd6 8. Bd3 O-O 9. O-O Bg4 10. h3 Bxf3 11. Qxf3 Bxd4 12. Qxb7 N8d7 13. Be3 Bxe3 14. fxe3 Qc8 15.
Qe4 Nc5 16. Qd4 Nxd3 17. Qxd3 Qxc4 18. Qd2 Rac8 19. Rf4 Qc5 20. Ne4 Qc2 21. Qa5 Qxb2 22. Raf1 Nc4 23. Qxa7 Qe5 24. Qa6 Nxe3 25. R1f2 Nd5 26.
Rxf7 Rc1+ 27. Rf1 Rxf1+ 28. Rxf1 Rxf1+ 29. Qxf1 Qxe4 30. Qb5 Kf7 31. a4 Ne3 32. Qb3+ d5 33. Qb2 Qxa4 34. Qh8 Qd1+ 35. Kf2 Qd2+ 36. Kf3 Qxg2+ 37.
Kf4 Qxh3 38. Qf6+ Ke8 39. Qc6+ Qd7 40. Qa8+ Kf7 41. Kxe3 Qe6+ 42. Kd3 Qe4+ 43. Kd2 Qd4+ 44. Ke2 h5 45. Kf1 h4 46. Qa2 h3 47. Qh2 Qg4 48. Kf2 Qg2+ 49. Qxg2 hxg2 0-1

[Event "Live Chess"]
[Site "Chess.com"]
[Date "2023.05.21"]
[Round "-"]
[White "LaupMiths"]
[Black "Jo1ts"]
[Result "1-0"]
[WhiteElo "1816"]
[BlackElo "822"]
[TimeControl "300"]
[EndTime "23:11:52 PDT"]
[Termination "LaupMiths won by checkmate"]

1. Nf3 d5 2. c4 dxc4 3. Qa4+ Nc6 4. Qxc4 Nf6 5. b3 e5 6. Nc3 Bd6 7. Bb2 Be6 8. Qh4 Bg4 9. d3 Bxf3 10. gxf3 O-O 11. Rg1 Bc5 12. Qg5 g6 13. Bh3 Bd4 14.
Bf5 Bxc3+ 15. Bxc3 Nd4 16. Bxd4 Qxd4 17. Rc1 Rac8 18.
Qxf6 b5 19. Bxc8 Rxc8 20. Rg4 Qb2 21. Qc6 b4 22. Kf1 Qxa2 23. Rxb4 Qa3 24. Rb7 Qe7 25. Rxc7 Rb8 26. Rc8+ Rxc8 27. Qxc8+ Kg7 28. Qc5 Qh4 29.
Qxe5+ Kh6 30. Qg3 Qb4 31. Rc7 Qxb3 32. Kg2 Qd1 33. Rxf7 Qxe2 34. Qh4# 1-0

[Event "Live Chess"]
[Site "Chess.com"]
[Date "2023.05.21"]
[Round "-"]
[White "CeladonFish"]
[Black "WilliamofOrange16th"]
[Result "1/2-1/2"]
[WhiteElo "1089"]
[BlackElo "1824"]
[TimeControl "300"]
[EndTime "23:11:53 PDT"]
[Termination "Game drawn by agreement"]

1. d4 d5 2. c4 c6 3. Nc3 Nf6 4. Bf4 a6 5. Nf3 Bf5 6. e3 e6 7.
Be2 Bd6 8. O-O Bxf4 9. exf4 O-O 10. Ne5 Ne4 11. cxd5 exd5 12. Bf3 f6 13. Nd3 Re8 14. Re1 Nd7 15. Bxe4 dxe4 16. Nc5 Nxc5 17. dxc5 Qa5 18. Qd4 Rad8 19. Qc4+ Kh8 20. Nxe4 Bxe4 21. Rxe4 Rxe4 22. Qxe4 Qxc5 23. Re1 b5 24. Qe8+ Qf8 25. Qe4 g6 26. h3 c5 27. Re3 Kg7 28. g4 Qf7 29. h4 c4 30. g5 Rd6 31. gxf6+ Rxf6 32. h5 Rxf4 33. Qe5+ Rf6 34. hxg6 hxg6 35. Rf3 b4 36. Rxf6 Qxf6 37. Qc7+ Qf7 38. Qa5 c3 39. bxc3 bxc3 40. Qxc3+ Qf6 41. Qa5 Qc6 42. Kf1 Qb5+ 43. Qxb5 axb5 44.
Ke2 Kf6 45. Kd3 Kf5 46. Kd4 Kf4 47. Kc5 Kf3 48. Kxb5 Kxf2 49. a4 g5 50. a5 g4 51.
a6 g3 52. a7 g2 53. a8=Q g1=Q 54. Qf8+ Ke1 55. Qe7+ Kd1 1/2-1/2

[Event "Live Chess"]
[Site "Chess.com"]
[Date "2023.05.21"]
[Round "-"]
[White "BJAW87"]
[Black "Crowded_House"]
[Result "0-1"]
[WhiteElo "1433"]
[BlackElo "1699"]
[TimeControl "300"]
[EndTime "23:12:28 PDT"]
[Termination "Crowded_House won by resignation"]

1. e4 e6 2. d4 d5 3. exd5 exd5 4. Nf3 Bd6 5. Bd3 Ne7 6. O-O h6 7. Re1 O-O 8. Ne5 Bf5 9. Bxf5 Nxf5 10. Qg4 Qf6 11. Nc3 c6 12. Ne2 Bxe5 13. dxe5 Qxe5 14. Bxh6 Nxh6 15. Qh3 Qf5 16. Ng3 Qxh3 17. gxh3 Nd7 18. Re7 Rad8 19. Rae1 b6 20. a4 a5 21. c3 g6 22. Kg2 Nf6 23. Rb7 Rb8 24. Rc7 Rfc8 25. Rd7 Nxd7 0-1